 Dungeon Crawl Stone Soup version 0.25.1-9-gc5326a611f (webtiles) character file.

Game seed: 2365247540664934805

35 RETERIOR the Digger (level 3, -9/26 HPs)
             Began as a Draconian Earth Elementalist on Jan 2, 2021.
             Killed by divine providence
             ... invoked by an orc priest
              (17 damage)
             ... on level 2 of the Dungeon.
             The game lasted 00:05:30 (1386 turns).

RETERIOR the Digger (Draconian Earth Elementalist)  Turns: 1386, Time: 00:05:30

Health: -9/26      AC:  5    Str: 10    XL:     3   Next: 16%
Magic:  2/6        EV: 12    Int: 16    God:
Gold:   64         SH:  0    Dex: 11    Spells: 1/7 levels left

rFire    . . .     SeeInvis .   d - +0 dagger
rCold    . . .     Gourm    .   (no shield)
rNeg     . . .     Faith    .   (armour unavailable)
rPois    .         Spirit   .   (helmet restricted)
rElec    .         Reflect  .   (no cloak)
rCorr    +         Harm     .   (no gloves)
MR       .....                  (no boots)
Stlth    ++........             (no amulet)
HPRegen  0.08/turn              e - ring of resist corrosion
MPRegen  0.10/turn              (no ring)

@: no status effects
A: unfitting armour, cold-blooded, AC +5
a: no special abilities


You were on level 2 of the Dungeon.
You were not hungry.

You visited 1 branch of the dungeon, and saw 2 of its levels.

You collected 64 gold pieces.

Inventory:

Hand Weapons
 d - a +0 dagger (weapon)
Missiles
 b - 18 stones (quivered)
 l - 7 poisoned darts
Jewellery
 e - a ring of resist corrosion (left hand)
Scrolls
 f - a scroll of identify
 k - a scroll of remove curse
Potions
 a - a potion of curing
 g - a potion of flight {unknown}
 h - a potion of berserk rage {unknown}
Comestibles
 c - 5 rations


   Skills:
 + Level 2.0 Dodging
 + Level 1.8 Stealth
 + Level 2.5 Spellcasting
 + Level 1.1 Transmutations
 + Level 3.6 Earth Magic


You had one spell level left.
You knew the following spells:

 Your Spells              Type           Power        Failure   Level  Hunger
a - Sandblast             Erth           ##....       4%          1    #......
b - Stone Arrow           Conj/Erth      #.....       28%         3    ###....
c - Passwall              Tmut/Erth      #.......     11%         2    ##.....

Your spell library contained the following spells:

 Spells                   Type           Power        Failure   Level  Hunger
 Petrify                  Tmut/Erth      #.......     58%         4    #####..
 Lee's Rapid Deconstruct  Erth           ##........   77%         5    ######.


Dungeon Overview and Level Annotations

Branches:
Dungeon (2/15)

Altars:


Innate Abilities, Weirdness & Mutations

Your plain brown scales are hard. (AC +5)
You cannot fit into any form of body armour.
You are cold-blooded and may be slowed by cold attacks.


Message History

b - 18 stones The orc hits you with a cursed -1 short sword.
You hit the orc priest but do no damage.
The orc priest is moderately wounded.
The orc closely misses you. The orc priest barely misses you.
The orc hits you but does no damage.
The orc hits you with a cursed -1 short sword.
You closely miss the orc. The orc priest hits you.
The orc priest looks encouraged for a moment.
The orc hits you with a cursed -1 short sword.
The orc hits you with a cursed -1 short sword!
* * * LOW HITPOINT WARNING * * *
The orc priest looks satisfied for a moment.
There is a stone staircase leading down here.
You can't go up here!
You can't go up here!
The orc priest calls down the wrath of Beogh upon you.
Beogh smites you!
Ouch! That really hurt!
You die...

#+# #.# #.# ##.##
######...##
........oo### #
.####....oo@######.#
#.# ###†###.....<..#
#....###.#
##########
.........#
.......#.#
.......#.#
.......#.#
...o...#.#
......o#.#


You could see 2 orc priests and 2 orcs.

Vanquished Creatures
  An orc (D:2)
  5 hobgoblins (D:1)
  2 jackals (D:1)
  5 kobolds (D:1)
  5 bats (D:1)
  4 frilled lizards (D:1)
  7 goblins (D:1)
  A rat (D:1)
30 creatures vanquished.

Notes
Turn   | Place    | Note
-------+----------+-------------------------------------------
     0 | D:1      | RETERIOR the Draconian Earth Elementalist began the quest
                  | for the Orb.
     0 | D:1      | Reached XP level 1. HP: 14/14 MP: 3/3
   143 | D:1      | Reached XP level 2. HP: 11/20 MP: 1/5
   796 | D:1      | Reached XP level 3. HP: 15/26 MP: 3/6
  1171 | D:1      | Learned a level 3 spell: Stone Arrow
  1175 | D:1      | Learned a level 2 spell: Passwall
  1386 | D:2      | Killed from afar by an orc priest

Illustrated notes

Levels and vault maps discovered:
D:1:      roderic_crossed_star, layout_rooms
D:2:      cheibrodos_pilgrimage, layout_loops_corners, minmay_joined_circles

Skill      XL: |  1  2 |
---------------+-------+-----
Dodging        | 2 |  2.0
Stealth        | |  1.8
Spellcasting   | |  2.5
Transmutations | |  1.1
Earth Magic    | |  3.6

Action                   || total
-------------------------++-------
Melee: Dagger            ||    57
       Unarmed           ||     5
       Tailslap          ||     5
 Cast: Sandblast         ||    30
       Passwall          ||     2
  Use: Scroll            ||     4
       Potion            ||     1
  Eat: Chunk             ||     2
Armor: Skin              ||    37
Dodge: Dodged            ||    76
